 Dungeon Crawl Stone Soup version 0.27-a0-277-g024f7ef292 (webtiles) character file.

Game seed: 985392318057128424

315 Borgoz the Cudgeller (level 6, -26/38 HPs)
             Began as a Gargoyle Gladiator on Feb 5, 2021.
             Blown up by Pikel (32 damage)
             ... with a mindburst bolt
             ... on level 4 of the Dungeon.
             The game lasted 00:04:22 (3538 turns).

Borgoz the Cudgeller (Gargoyle Gladiator)           Turns: 3538, Time: 00:04:23

Health: -26/38     AC: 12    Str: 17    XL:     6   Next: 44%
Magic:  6/6        EV: 13    Int:  9    God:
Gold:   193        SH:  0    Dex: 13    Spells: 5/5 levels left

rFire    . . .     SeeInvis .   a - +0 flail
rCold    . . .     Faith    .   (no shield)
rNeg     + . .     Spirit   .   b - +0 leather armour
rPois    ∞         Reflect  .   c - +0 helmet
rElec    +         Harm     .   (no cloak)
rCorr    .         Rampage  .   (no gloves)
Will     .....     Rnd*Tele +   l - +2 pair of boots
Stlth    +.........             (no amulet)
HPRegen  0.12/turn              o - ring of teleportation (curse)
MPRegen  0.10/turn              (no ring)

@: no status effects
A: negative energy resistance 1, electricity resistance, unbreathing,
petrification resistance, miasma immunity, AC +4
a: no special abilities


You were on level 4 of the Dungeon.
You visited 1 branch of the dungeon, and saw 4 of its levels.

You collected 193 gold pieces.

Inventory:

Hand Weapons
 a - a +0 flail (weapon)
Missiles
 d - 2 throwing nets (quivered)
Armour
 b - a +0 leather armour (worn)
 c - a +0 helmet (worn)
 l - a +2 pair of boots (worn)
Jewellery
 o - a cursed ring of teleportation (left hand)
 r - an uncursed ring of fire
Wands
 f - a wand of iceblast (10)
Scrolls
 e - a scroll of remove curse
 i - 3 scrolls of teleportation
Potions
 g - a potion of resistance
 h - 3 potions of brilliance
 j - 2 potions of invisibility
 k - a potion of mutation
 n - 2 potions of curing
 p - a potion of berserk rage


   Skills:
 + Level 4.0 Fighting
 + Level 4.3 Maces & Flails
 - Level 1.7 Throwing
 + Level 3.2 Armour
 + Level 3.5 Dodging


You had 5 spell levels left.
You didn't know any spells.
Your spell library was empty.

Dungeon Overview and Level Annotations

Branches:
Dungeon (4/15)
 Temple: D:4-7

Altars:
Elyvilon
Makhleb
Okawaru

Annotations:
D:4 Pikel


Innate Abilities, Weirdness & Mutations

You are resistant to torment.
Your stone body is resilient. (AC +4)
You are immune to poison.
You resist negative energy. (rN+)
You are resistant to electric shocks. (rElec)
You can survive without breathing.
You are immune to petrification.
You are immune to miasma.


Message History

Pikel is heavily wounded.
The hound stops to sniff the ground.
Pikel closely misses you.
You barely miss Pikel.
Pikel is heavily wounded.
Pikel misses you.
You closely miss Pikel.
Pikel is heavily wounded.
Pikel zaps a wand.
Your mind is blasted!
* * * LOW HITPOINT WARNING * * *
Pikel misses you.
You hit Pikel but do no damage.
Pikel is heavily wounded.
The hound pauses to sniff the ground.
Pikel waves his whip at you. Pikel completely misses you.
You barely miss Pikel.
Pikel is heavily wounded.
Pikel zaps a wand.
Your mind is blasted!
Ouch! That really hurt!
You die...

#.^........####.#.# #.
#.#.###..#.)....#.# #.
#.................# #.
.###.###.#..####..## #.
... ....... #..## #.
#.....###.#.##.#...# #.
..... #..... #.#.## #.
.....5#####.####.#..###.
......5hK@.........##..[..
#......5#####.............
#...... #......#####.....
######..... #......#
#..... #.......## #......#
#..... #.......#
####......# #.....
#.....(.####.........#
#.....
#....)...............#
#.....
#....)..####.........#
#.....


You could see Pikel, 3 lemures and a hound.

Vanquished Creatures
  A scorpion (D:4)
  An orc priest (D:4)
  2 orc wizards
  6 gnolls
  3 adders
  A shadow imp (D:4)
  An ooze (D:3)
  An adder skeleton (D:4)
  6 worms
  6 dart slugs
  3 leopard geckos
  6 orcs
  A ball python (D:1)
  3 goblins
  4 hobgoblins
  A quokka (D:4)
  6 bats
  4 frilled lizards
  2 kobolds
  A leopard gecko skeleton (D:4)
  A quokka skeleton (D:4)
  3 rats
63 creatures vanquished.

Notes
Turn   | Place    | Note
-------+----------+-------------------------------------------
     0 | D:1      | Borgoz the Gargoyle Gladiator began the quest for the Orb.
     0 | D:1      | Reached XP level 1. HP: 12/12 MP: 1/1
   190 | D:1      | Reached XP level 2. HP: 18/18 MP: 2/2
   360 | D:1      | Reached skill level 1 in Armour
   742 | D:1      | Reached XP level 3. HP: 22/22 MP: 3/3
  1568 | D:2      | Reached XP level 4. HP: 22/27 MP: 4/4
  1899 | D:2      | Found a burning altar of Makhleb.
  2074 | D:2      | Found an iron altar of Okawaru.
  2200 | D:3      | Reached XP level 5. HP: 10/32 MP: 5/5
  2736 | D:3      | You fall into a shaft and drop 1 floor!
  2928 | D:3      | Found a white marble altar of Elyvilon.
  3103 | D:4      | Reached XP level 6. HP: 37/38 MP: 6/6
  3105 | D:4      | Got a warped great sword
  3106 | D:4      | Identified the +8 great sword "Hoyhim" {vorpal, rElec rF+
                  | rC+ Int-2} (You found it on level 4 of the Dungeon)
  3512 | D:4      | Noticed Pikel
  3538 | D:4      | Blown up by Pikel

Illustrated notes

Levels and vault maps discovered:
D:1:      wander_arrival_chamber, layout_loops_corners
D:2:      layout_loops_cross, nicolae_overflow_hidden_temple,
          lightli_temple_of_fire
D:3:      layout_loops_cross, minmay_misc_feat_diagonals, elyvilon_altar_1
D:4:      layout_basic, uniq_pikel, uniq_blork_the_orc

Skill      XL: |  1  2  3  4  5  6 |
---------------+-------------------+-----
Armour         | 1 2 3 |  3.2
Fighting       | 3 4 |  4.0
Dodging        | 3 |  3.5
Maces & Flails | 4 |  4.3
Throwing       | |  1.7

Action                   |  1- 3 |  4- 6 || total
-------------------------+-------+-------++-------
Melee: Flail             |    96 |   163 ||   259
       Great sword       |       |    16 ||    16
Throw: Throwing net      |       |     1 ||     1
  Use: Scroll            |       |    13 ||    13
       Potion            |       |     1 ||     1
 Stab: Sleeping          |       |     1 ||     1
Armor: Leather armour    |    43 |    84 ||   127
Dodge: Dodged            |    57 |   126 ||   183
       Rpst.: Great sword |       |     2 ||     2

Table legend: (Time is in decaauts)
 A = Elapsed time spent in this place.
 B = Non-inter-level travel time spent in this place.
 C = Inter-level travel time spent in this place.
 D = Time resting spent in this place.
 E = Time spent auto-exploring this place.
 F = Levels seen in this place.
 G = Mean time per level.
                   A        B        C        D        E       F      G
               +--------+--------+--------+--------+--------+-----+--------+
         Total |   3583 |   3483 |    100 |    201 |   2660 |   4 |  895.8 |
       Dungeon |   3583 |   3483 |    100 |    201 |   2660 |   4 |  895.8 |
               +--------+--------+--------+--------+--------+-----+--------+

Top non-repeatable levels by time:
     D:2: 1224 daAuts
     D:1: 975 daAuts
     D:3: 876 daAuts
     D:4: 506 daAuts
